 Dungeon Crawl Stone Soup version 0.28-a0-1387-g3a22ab9bdc (webtiles) character file.

Game seed: 574535739723114983

127 ragingrage the Charlatan (level 5, -1/31 HPs)
             Began as a Gargoyle Artificer on Jan 3, 2022.
             Slain by a scorpion (6 damage)
             ... on level 4 of the Dungeon.
             The game lasted 00:05:17 (4354 turns).

ragingrage the Charlatan (Gargoyle Artificer)       Turns: 4354, Time: 00:05:18

Health: -1/31      AC: 13    Str: 17    XL:     5   Next: 11%
Magic:  5/5        EV: 10    Int: 12    God:
Gold:   57         SH:  0    Dex: 10    Spells: 4/4 levels left

rFire   . . .      SeeInvis .   m - +0 hand axe
rCold   + . .      Faith    .   (no shield)
rNeg    + . .      Spirit   .   j - +1 ring mail {rC+}
rPois   ∞          Reflect  .   (no helmet)
rElec   +          Harm     .   (no cloak)
rCorr   .          Rampage  .   (no gloves)
Will    .....                   r - +2 pair of boots {Stlth+}
Stlth   ++........              (no amulet)
HPRegen 0.10/turn               (no ring)
MPRegen 0.09/turn               (no ring)

@: no status effects
A: sickness immunity, AC +4, negative energy resistance 1, electricity
resistance, torment resistance 1, petrification resistance
a: no special abilities


You were on level 4 of the Dungeon.
You visited 1 branch of the dungeon, and saw 4 of its levels.

You collected 99 gold pieces.
You spent 42 gold pieces at shops.

Inventory:

Hand Weapons
 g - the +1 hunting sling "Wyaph" {flame, rElec}
   (You took it off a kobold on level 2 of the Dungeon)

   Any ammunition fired from it burns those it strikes, dealing additional fire
   damage.
   rElec:     It insulates you from electricity.
 m - a +0 hand axe (weapon)
Armour
 j - a +1 ring mail of cold resistance (worn)
 r - a +2 pair of boots of stealth (worn)
Jewellery
 p - a +6 ring of strength
Wands
 c - a wand of flame (12) (quivered)
 d - a wand of charming (5)
Scrolls
 h - a scroll of holy word {unknown}
 i - a scroll of magic mapping {unknown}
 k - a scroll of vulnerability {unknown}
 n - a scroll of teleportation {unknown}
 q - a scroll of identify {unknown}
Potions
 a - a potion of mutation {unknown}
 b - 4 potions of curing
 f - a potion of heal wounds {unknown}
 l - a potion of cancellation {unknown}
 o - a potion of magic {unknown}
Miscellaneous
 e - a piece from Xom's chessboard (15/15)


   Skills:
 - Level 2.4 Fighting
 + Level 2.0 Axes
 - Level 2.1 Armour
 - Level 0.7 Dodging
 - Level 1.1 Stealth
 + Level 4.1 Evocations


You had 4 spell levels left.
You didn't know any spells.
Your spell library was empty.

Dungeon Overview and Level Annotations

Branches:
Dungeon (4/15)
 Temple: D:4-7

Altars:
Kikubaaqudgha
Wu Jian

Shops:
D:1 !   D:4 (

Annotations:
D:3 Ijyb, Terence


Innate Abilities, Weirdness & Mutations

You are immune to sickness and miasma.
Your stone body is resilient. (AC +4)
You are immune to poison.
You resist negative energy. (rN+)
You are resistant to electric shocks. (rElec)
You are resistant to unholy torment.
You are immune to petrification.


Message History

The goblin hits your scorpion but does no damage.
Your scorpion stings the goblin!
The goblin dies!
You swap places.
Things that are here:
a +0 dagger; an adder corpse You start resting.
The scorpion is no longer charmed.
The scorpion stings you but does no damage.
What are your orders? t - Shout!
Orders for allies: a - Attack new target. p - Attack previous target. r - Retreat! s - Stop attacking. g - Guard the area. f - Follow me.
Anything else - Cancel.
Retreat in which direction?
Press: ? - help, Dir - move target, f - you, p - scorpion
Okay, then.
You closely miss the scorpion. The scorpion closely misses you.
You hit the scorpion.
The scorpion is lightly wounded.
The scorpion stings you. x2
You closely miss the scorpion.
The scorpion is lightly wounded.
The scorpion barely misses you.
Your ring mail prevents you from hitting the scorpion.
The scorpion is lightly wounded.
The scorpion barely misses you. The scorpion completely misses you.
You hit the scorpion but do no damage.
The scorpion is lightly wounded.
The scorpion stings you.
You barely miss the scorpion.
The scorpion is lightly wounded.
The scorpion stings you but does no damage.
The scorpion barely misses you.
You barely miss the scorpion. The scorpion barely misses you.
You barely miss the scorpion. The scorpion stings you. x2
* * * LOW HITPOINT WARNING * * *
You barely miss the scorpion. The scorpion stings you.
You die...

########### ..#. ###.#
....#.....## #.#.####...
...........##.###.#..#:.. #
........<)..#......#.#.###[..
............# #............
...>.#######.# ###....##....
.....#.....#.# ##.....# #
.....#.>.∩.#. ##..#..##
.....#.....#.. #@.##..# #
.....#######..##s###..# .#
..........###....# #..##.#
####.####...###.## ##....####
#.# ###.##..####.........
#.######.##..........#####
#.##.........####.#..#
#.##........## ..#....#
#.##........# #.##.##.#


You could see a scorpion.

Vanquished Creatures
  2 gnolls
  3 adders
  A worm (D:3)
  6 endoplasms
  2 giant cockroaches (D:1)
  4 hobgoblins
  6 jackals (D:1)
  4 quokkas
  6 ball pythons
  6 bats
  A frilled lizard (D:2)
  11 goblins
  2 kobolds
  3 rats
57 creatures vanquished.

Vanquished Creatures (collateral kills)
  An adder (D:4)
  2 orcs (D:3)
  A goblin (D:4)
4 creatures vanquished.

Vanquished Creatures (others)
  An orc wizard (D:3)
  A gnoll (D:3)
  A worm (D:2)
  An orc (D:3)
4 creatures vanquished.

Grand Total: 65 creatures vanquished

Notes
Turn   | Place    | Note
-------+----------+-------------------------------------------
     0 | D:1      | ragingrage the Gargoyle Artificer began the quest for the
                  | Orb.
     0 | D:1      | Reached XP level 1. HP: 12/12 MP: 1/1
   227 | D:1      | Reached XP level 2. HP: 17/17 MP: 2/2
   244 | D:1      | Reached skill level 3 in Evocations
  1040 | D:1      | Found Atihun's Distillery.
  1159 | D:1      | Reached XP level 3. HP: 20/22 MP: 3/3
  1999 | D:2      | Identified the +1 hunting sling "Wyaph" {flame, rElec}
  2117 | D:2      | HP: 1/22 [adder (1)]
  2662 | D:2      | Found an ornate altar of the Wu Jian Council.
  2689 | D:2      | Reached skill level 1 in Axes
  2692 | D:2      | Reached XP level 4. HP: 21/27 MP: 4/4
  2955 | D:1      | Bought a potion of curing for 42 gold pieces
  3573 | D:3      | Noticed Terence
  3573 | D:3      | Noticed Ijyb
  4047 | D:3      | Found an ancient bone altar of Kikubaaqudgha.
  4250 | D:4      | Reached skill level 4 in Evocations
  4250 | D:4      | Reached XP level 5. HP: 31/31 MP: 5/5
  4257 | D:4      | Found Sasounte's Antique Weapon Shoppe.
  4354 | D:4      | Slain by a scorpion

Illustrated notes

Levels and vault maps discovered:
D:1:      dpeg_arrival_rhombi, layout_loops_ring, serial_shops, shop,
          corexii_corridor_pit, minivault_4, chequers_serial_rivers_large_a
D:2:      layout_basic, basic_altar
D:3:      layout_basic, mainiacjoe_overflow_small_starburst, roderic_lattice_a,
          uniq_terence, uniq_ijyb
D:4:      layout_rooms, lemuel_doored_altar, nicolae_take_the_stairs,
          kennysheep_generic_room_2

Skill      XL: |  1  2  3  4  5 |
---------------+----------------+-----
Evocations     | 3 4 |  4.1
Fighting       | 2 |  2.4
Axes           | 1 2 |  2.0
Armour         | |  2.1
Dodging        | |  0.7
Stealth        | |  1.1

Action                   |  1- 3 |  4- 6 || total
-------------------------+-------+-------++-------
Melee: Club              |    37 |       ||    37
       Mace              |    76 |       ||    76
       Hand axe          |    61 |    69 ||   130
       Unarmed           |       |     8 ||     8
Evoke: Wand              |     2 |    11 ||    13
 Stab: Sleeping          |     1 |     1 ||     2
Armor: Leather armour    |    36 |       ||    36
       Ring mail         |    64 |    43 ||   107
Dodge: Dodged            |   135 |    45 ||   180

Table legend: (Time is in decaauts)
 A = Elapsed time spent in this place.
 B = Non-inter-level travel time spent in this place.
 C = Inter-level travel time spent in this place.
 D = Time resting spent in this place.
 E = Time spent auto-exploring this place.
 F = Levels seen in this place.
 G = Mean time per level.
                   A        B        C        D        E       F      G
               +--------+--------+--------+--------+--------+-----+--------+
         Total |   4442 |   4248 |    194 |   1001 |   2484 |   4 | 1110.5 |
       Dungeon |   4442 |   4248 |    194 |   1001 |   2484 |   4 | 1110.5 |
               +--------+--------+--------+--------+--------+-----+--------+

Top non-repeatable levels by time:
     D:1: 1716 daAuts
     D:2: 1589 daAuts
     D:3: 1021 daAuts
     D:4: 114 daAuts
